 Dungeon Crawl Stone Soup version 0.17-a0-1718-g72dbe4d (webtiles) character file.

841 KambridgeKobold the Covert (level 7, -2/32 HPs)
             Began as a Spriggan Enchanter on Aug 26, 2015.
             Was a Believer of Ashenzari.
             Slain by Grinder (6 damage)
             ... on level 5 of the Dungeon.
             The game lasted 00:23:02 (5077 turns).

KambridgeKobold the Covert (Spriggan Enchanter)     Turns: 5077, Time: 00:23:02

Health: -2/32      AC:  4    Str:  6    XL:     7   Next: 67%
Magic:  2/14       EV: 19    Int: 16    God:    Ashenzari [**....]
Gold:   132        SH:  0    Dex: 17    Spells: 5 memorised, 2 levels left

rFire  . . .     SeeInvis +     h - +4 dagger (speed) (curse)
rCold  + . .     Clarity  .     i - +1 robe (curse)
rNeg   . . .     SustAt   .     (shield restricted)
rPois  .         Gourm    .     (helmet restricted)
rElec  .         Spirit   .     F - +0 cloak (curse)
rCorr  .         Warding  .     (gloves unavailable)
rMut   .         Stasis   .     (boots unavailable)
MR     +....                    (no amulet)
Stlth  +++++.....               z - ring of wizardry (curse)
                                j - ring of protection from cold

@: very quick, somewhat resistant to hostile enchantments, quite stealthy
A: unfitting armour, see invisible, herbivore 3, speed 3, slow metabolism 2
a: Scrying, Renounce Religion


You were on level 5 of the Dungeon.
You worshipped Ashenzari.
Ashenzari was pleased with you.
You were not hungry.

You visited 1 branch of the dungeon, and saw 5 of its levels.

You collected 132 gold pieces.

Inventory:

Hand weapons
 a - a +1 dagger
 b - a +0 short sword
 g - a +0 hunting sling
 h - a cursed +4 dagger of speed (weapon)
 o - a +0 shortbow of velocity
 t - a +3 dagger
 E - a +4 quarterstaff of chaos
Missiles
 f - 29 stones (quivered)
 A - 27 sling bullets
 G - 13 arrows
Armour
 i - a cursed +1 robe (worn)
 F - a cursed +0 cloak (worn)
Jewellery
 j - a ring of protection from cold (left hand)
 w - an uncursed amulet of rage
 z - a cursed ring of wizardry (right hand)
Magical devices
 x - a wand of random effects (23)
 y - a wand of enslavement (19)
Scrolls
 e - 3 scrolls of remove curse
 k - 3 scrolls of enchant weapon {unknown}
 m - 9 scrolls of identify {unknown}
 p - a scroll of curse jewellery
 q - 4 scrolls of teleportation {unknown}
 u - a scroll of immolation {unknown}
 v - 2 scrolls of magic mapping {unknown}
 B - a scroll of blinking {unknown}
Potions
 l - a potion of magic {unknown}
 n - 3 potions of curing {unknown}
 r - a potion of haste
 s - 2 potions of cure mutation {unknown}
 C - a potion of agility
Books
 c - a book of Maledictions

   Spells                             Type                      Level
   a - Corona                         Hexes                        1
   b - Ensorcelled Hibernation        Hexes/Ice                    2
   c - Confuse                        Hexes                        3
   d - Tukima's Dance                 Hexes                        3
   e - Dazzling Spray                 Conjuration/Hexes            3
Comestibles
 d - 4 bread rations
 D - a royal jelly


   Skills:
 + Level 5.5(7.8) Short Blades
 - Level 3.0(4.2) Dodging
 * Level 8.6(10.0) Stealth
 + Level 4.3 Spellcasting
 - Level 6.3 Hexes


You had 2 spell levels left.
You knew the following spells:

 Your Spells              Type           Power        Failure   Level  Hunger
a - Corona                Hex            ###....      1%          1    None
b - Ensorcelled Hibernat  Hex/Ice        ##....       4%          2    ##.....
c - Confuse               Hex            ###.....     1%          3    ###....
d - Tukima's Dance        Hex            ###.....     1%          3    ###....
e - Dazzling Spray        Conj/Hex       ##......     6%          3    ###....


Dungeon Overview and Level Annotations

Branches:
Dungeon (5/15)             Temple (0/1) D:4

Altars:
Ashenzari
Fedhas
Yredelemnul

Annotations:
D:3 George's ghost, average DsGl
D:5 Grinder


Innate Abilities, Weirdness & Mutations

You are tiny and cannot use many weapons and most armour.
You have supernaturally acute eyesight.
You are a herbivore.
You cover ground extremely quickly.
You need consume almost no food.


Message History

Grinder says, "DUCK!"
Grinder gestures at you.
You easily resist.
There is an open door here.
You close the door.
You start resting.
Grinder opens the door.
Casting: Corona
Confirm with . or Enter, or press ? or * to list all spells.
Aiming: Corona
Press: ? - help, Shift-Dir - straight line, f - Grinder
Aim: Grinder (severely wounded, chance to defeat MR: 62%) Grinder struggles to resist.
Casting: Corona
Confirm with . or Enter, or press ? or * to list all spells.
You don't have enough magic to cast that spell.
Grinder hits you.
* * * LOW HITPOINT WARNING * * *
You writhe in agony.
You die...

, #....+ , #....#...+. ,,,
#....# #....#...#. #....#
#....#...#. , , ,
,+....###+#....###'#.
#.......#........#..........
#.......#....##..+..........
,
#.......#....##..#..........
,
#.......+....##'##..........
,
#.....$.#..@.#..............
,
,#.......###5##........##+##.
+.......#....#........+ +.
#.[...(.5....#........# . ,,
#.......#....+........#
#.......#....#........# ,
#.......#..>.#........# ,,
#.......#....+........+
#.......+....#


You could see Grinder.

Vanquished Creatures
  An ogre (D:4)
  A centaur (D:5)
  A scorpion (D:4)
  A hound (D:5)
  Crazy Yiuf (D:5)
  2 orc priests
  Ijyb (D:2)
  2 centaur skeletons (D:4)
  4 orc wizards
  2 worker ants (D:4)
  Natasha (thrice) (D:2)
  A hound skeleton (D:4)
  9 adders
  3 gnolls (D:3)
  An ooze (D:3)
  A worm (D:2)
  11 orcs
  8 bats
  4 giant cockroaches
  14 goblins
  8 hobgoblins
  2 quokkas
  6 giant geckos
  A giant gecko skeleton (D:4)
  4 giant newts
  10 kobolds
  A quokka skeleton (D:4)
  11 rats
114 creatures vanquished.

Vanquished Creatures (collateral kills)
  An orc (D:4)
1 creature vanquished.

Grand Total: 115 creatures vanquished

Notes
Turn   | Place    | Note
--------------------------------------------------------------
     0 | D:1      | KambridgeKobold the Spriggan Enchanter began the quest for the Orb.
     0 | D:1      | Reached XP level 1. HP: 9/9 MP: 5/5
   152 | D:1      | Found a shattered altar of Ashenzari.
   168 | D:1      | Became a worshipper of Ashenzari the Shackled
   317 | D:1      | Reached XP level 2. HP: 13/13 MP: 6/6
   860 | D:2      | Learned a level 2 spell: Ensorcelled Hibernation
  1136 | D:2      | Noticed Ijyb
  1159 | D:2      | Reached XP level 3. HP: 16/16 MP: 3/8
  1166 | D:2      | Killed Ijyb
  1288 | D:2      | Reached XP level 4. HP: 19/21 MP: 10/10
  1438 | D:2      | Found a basalt altar of Yredelemnul.
  1556 | D:2      | Noticed Natasha
  1575 | D:2      | Killed Natasha
  1954 | D:2      | Noticed Natasha
  1970 | D:2      | Killed Natasha
  1970 | D:2      | Reached XP level 5. HP: 12/24 MP: 3/12
  2265 | D:3      | Found a faded altar to an unknown god.
  2273 | D:3      | Acquired Ashenzari's first power
  2521 | D:2      | Noticed Natasha
  2566 | D:2      | Killed Natasha
  2816 | D:3      | Found a blossoming altar of Fedhas.
  3042 | D:3      | Reached skill level 5 in Stealth
  3042 | D:3      | Reached skill level 5 in Hexes
  3264 | D:3      | Reached XP level 6. HP: 19/28 MP: 5/13
  3618 | D:3      | Noticed George's ghost (average DsGl)
  3810 | D:3      | Reached skill level 6 in Stealth
  3970 | D:4      | Found a staircase to the Ecumenical Temple.
  4242 | D:4      | Reached skill level 7 in Stealth
  4242 | D:4      | Reached XP level 7. HP: 32/32 MP: 14/14
  4247 | D:4      | Learned a level 3 spell: Confuse
  4249 | D:4      | Reached skill level 5 in Short Blades
  4258 | D:4      | Learned a level 3 spell: Tukima's Dance
  4676 | D:5      | Entered Level 5 of the Dungeon
  4722 | D:5      | Noticed Crazy Yiuf
  4726 | D:5      | Killed Crazy Yiuf
  4742 | D:5      | Learned a level 3 spell: Dazzling Spray
  4811 | D:5      | Reached skill level 8 in Stealth
  5011 | D:5      | Acquired Ashenzari's second power
  5015 | D:5      | Noticed Grinder
  5077 | D:5      | Slain by Grinder

Vault maps used:
D:1:      dpeg_arrival_windows_large_door, evilmike_ruin_ashenzari
D:2:      lemuel_doored_altar, grunt_decor_mini_mirrors, uniq_natasha, uniq_iyjb
D:3:      old_standard_altar, ecumenical_altar_2
D:4:      minmay_temple_entry_from_below_a, first_bread, fountainhead
D:5:      grunt_temple_overflow_bloody_war, basic_altar, uniq_grinder,
          uniq_crazy_yiuf_cottage, uniq_prince_ribbit1, uniq_menkaure

Action                   |  1- 3 |  4- 6 |  7- 9 || total
-------------------------+-------+-------+-------++-------
Melee: Dagger            |    80 |   165 |    53 ||   298
Throw: Stone             |       |       |     5 ||     5
 Cast: Ensorcelled Hiber |     3 |    41 |     7 ||    51
       Corona            |     2 |     8 |     3 ||    13
       Dazzling Spray    |       |       |     6 ||     6
       Tukima's Dance    |       |       |     2 ||     2
  Use: Scroll            |     1 |     3 |     2 ||     6
 Stab: Sleeping          |    18 |    35 |     4 ||    57
  Eat: Pizza             |       |     1 |       ||     1
       Bread ration      |       |       |     1 ||     1
